 Dungeon Sprint DCSS version 0.18-a0-1126-ga2d7f46 (webtiles) character file.

2548 pipel the Imperceptible (level 9, -7/49 HPs)
             Began as a Vine Stalker Assassin on Jan 20, 2016.
             Was an Initiate of Ru.
             Mangled by a catoblepas (11 damage)
             ... in the Dungeon (Sprint IX: "|||||||||||||||||||||||||||||").
             The game lasted 00:02:32 (233 turns).

pipel the Imperceptible (Vine Stalker Assassin)      Turns: 233, Time: 00:02:32

Health: -7/49      AC:  4    Str: 13    XL:     9   Next: 56%
Magic:  0/10       EV:  2    Int: 11    God:    Ru [......]
Gold:   0          SH:  0    Dex: 23    Spells: 0 memorised, 8 levels left

rFire  . . .     SeeInvis .     a - +2 rapier (elec)
rCold  . . .     Gourm    .     c - +0 robe
rNeg   + + +     Faith    .     (no shield)
rPois  ∞         Spirit   +     (no helmet)
rElec  .         Dismiss  .     d - +0 cloak
rCorr  .         Reflect  .     s - +0 pair of gloves
SustAt .         Harm     .     (no boots)
MR     +....     NoTele   +     (no amulet)
Stlth  +++++++++.               u - +2 ring of evasion
                                t - +3 ring of dexterity

@: petrified, very slightly contaminated, somewhat resistant to hostile
enchantments, incredibly stealthy
A: fangs 3, regeneration 2, magic shield, antimagic bite, no device heal 3, rot
immunity
a: Renounce Religion


You were in the Dungeon.
You worshipped Ru.
Ru was noncommittal.
You were not hungry.

You visited 1 branch

Inventory:

Hand Weapons
 a - a +2 rapier of electrocution (weapon)
 b - a +0 blowgun
 r - a +2 dagger
Missiles
 e - 8 poisoned needles
 f - 2 curare-tipped needles
Armour
 c - a +0 robe (worn)
 d - a +0 cloak (worn)
 s - a +0 pair of gloves (worn)
Magical Staves
 q - an uncursed staff of energy
Jewellery
 t - a +3 ring of dexterity (left hand)
 u - a +2 ring of evasion (right hand)
Wands
 p - a wand of fire (0/15)
Scrolls
 m - 2 scrolls of blinking
 n - 3 scrolls of remove curse
 o - 2 scrolls of amnesia
Potions
 h - 5 potions of curing
 i - 3 potions of heal wounds
 j - a potion of haste
 k - 4 potions of magic
Comestibles
 g - a bread ration
 l - 2 chunks of flesh


   Skills:
 + Level 6.8 Fighting
 + Level 6.3 Short Blades
 - Level 1.7 Throwing
 - Level 0.7 Dodging
 + Level 22.3 Stealth


You had 8 spell levels left.
You didn't know any spells.

Dungeon Overview and Level Annotations

Branches:
Dungeon (1/1)

Altars:
Cheibriados
Dithmenos
Elyvilon
Fedhas
Gozag
Kikubaaqudgha
Makhleb
Nemelex Xobeh
Okawaru
Pakellas
Qazlal
Ru
Sif Muna
Trog
Vehumet
Xom
Yredelemnul
Zin
The Shining One
Beogh
Jiyva
Lugonu


Innate Abilities, Weirdness & Mutations

You have razor-sharp teeth.
You heal very quickly.
When hurt, damage is shared between your health and your magic reserves.
Your bite disrupts and absorbs the magic of your enemies.
Potions and wands cannot restore your health.
You are immune to rotting.


Message History

You take 2 damage, and have 19/49 hp.
You are engulfed in calcifying dust.
You are slowing down.
The catoblepas breathes a plume of calcifying dust at you.
The blast of calcifying dust hits you!
You take 1 damage, and have 18/49 hp.
Unknown command.
Read which item? (? for menu, Esc to quit)
Okay, then.
You are engulfed in calcifying dust.
Your limbs are stiffening.
There is an open door here.
Unknown command.
You are engulfed in calcifying dust.
The catoblepas breathes a plume of calcifying dust at you.
The blast of calcifying dust hits you!
You have turned to stone.
The catoblepas gores you!!
* * * LOW HITPOINT WARNING * * *
The centaur is engulfed in calcifying dust.
The centaur stops moving altogether!
The catoblepas gores you!!
You die...

▓+▓
▓.▓
▓.▓
▓.▓
▓†▓
▓o▓
▓c▓
▓Y▓
▓@▓
▓.▓
▓†▓
▓§▓
▓§▓
▓)▓
▓'▓
▓.▓
▓.▓


You could see a catoblepas, a centaur (petrified) and an orc.

Vanquished Creatures
  An unseen horror (D)
  3 hill giants (D)
  A troll (D)
  A wraith (D)
  2 phantoms (D)
  A hound (D)
  An iguana (D)
  An orc wizard (D)
  3 giant geckos (D)
  A ball python (D)
  A bat (D)
  2 kobolds (D)
  A quokka zombie (D)
19 creatures vanquished.

Notes
Turn   | Place    | Note
--------------------------------------------------------------
     0 | D        | pipel the Vine Stalker Assassin began the quest for the Orb.
     0 | D        | Reached XP level 1. HP: 11/11 MP: 2/2
     5 | D        | Reached skill level 5 in Stealth
    11 | D        | Reached skill level 6 in Stealth
    16 | D        | Reached XP level 2. HP: 10/15 MP: 3/3
    22 | D        | Noticed a phantom
    24 | D        | Reached skill level 9 in Stealth
    24 | D        | Reached XP level 3. HP: 14/18 MP: 4/4
    35 | D        | Killed a phantom
    35 | D        | Reached skill level 12 in Stealth
    35 | D        | Reached XP level 4. HP: 16/23 MP: 5/5
    35 | D        | Reached XP level 5. HP: 18/26 MP: 6/6
    38 | D        | Reached skill level 13 in Stealth
    45 | D        | Found a glowing silver altar of Zin.
    45 | D        | Found a glowing golden altar of the Shining One.
    45 | D        | Found an ancient bone altar of Kikubaaqudgha.
    45 | D        | Found a basalt altar of Yredelemnul.
    45 | D        | Found a shimmering altar of Xom.
    45 | D        | Found a radiant altar of Vehumet.
    46 | D        | Found an iron altar of Okawaru.
    47 | D        | Found a burning altar of Makhleb.
    48 | D        | Found a deep blue altar of Sif Muna.
    49 | D        | Found a bloodstained altar of Trog.
    50 | D        | Found a sparkling altar of Nemelex Xobeh.
    51 | D        | Found a white marble altar of Elyvilon.
    52 | D        | Found a roughly hewn altar of Beogh.
    53 | D        | Found a viscous altar of Jiyva.
    54 | D        | Found a corrupted altar of Lugonu.
    55 | D        | Found a blossoming altar of Fedhas.
    56 | D        | Found a snail-covered altar of Cheibriados.
    57 | D        | Found a shadowy altar of Dithmenos.
    58 | D        | Found a stormy altar of Qazlal.
    59 | D        | Found an opulent altar of Gozag.
    60 | D        | Found a sacrificial altar of Ru.
    61 | D        | Found an oddly glowing altar of Pakellas.
    68 | D        | Became a worshipper of Ru the Awakened
    97 | D        | Noticed a phantom
    97 | D        | Noticed a hill giant
    97 | D        | Noticed a troll
    97 | D        | Noticed a hill giant
   100 | D        | Killed a hill giant
   100 | D        | Reached skill level 17 in Stealth
   100 | D        | Gained mutation: You heal very quickly. [Vine Stalker growth]
   100 | D        | Reached XP level 6. HP: 29/34 MP: 7/7
   100 | D        | Reached XP level 7. HP: 32/38 MP: 8/8
   153 | D        | Killed a troll
   153 | D        | Reached skill level 18 in Stealth
   153 | D        | Gained mutation: You have razor-sharp teeth. [Vine Stalker growth]
   153 | D        | Reached XP level 8. HP: 24/42 MP: 4/9
   157 | D        | Killed a hill giant
   157 | D        | Reached skill level 5 in Fighting
   157 | D        | Reached skill level 5 in Short Blades
   157 | D        | Reached skill level 20 in Stealth
   158 | D        | Killed an unseen horror
   158 | D        | Reached skill level 21 in Stealth
   158 | D        | Reached XP level 9. HP: 18/48 MP: 3/10
   216 | D        | Noticed a catoblepas
   216 | D        | Noticed a hill giant
   220 | D        | Killed a hill giant
   220 | D        | Reached skill level 22 in Stealth
   233 | D        | Mangled by a catoblepas

Vault maps used:
D:        linesprint

Action                   |  1- 3 |  4- 6 |  7- 9 || total
-------------------------+-------+-------+-------++-------
Melee: Dagger            |    23 |     4 |       ||    27
       Rapier            |       |     2 |     9 ||    11
Evoke: Wand              |       |       |     7 ||     7
  Use: Potion            |     1 |       |     1 ||     2
 Stab: Sleeping          |     2 |     1 |     2 ||     5
       Invisible         |       |       |     1 ||     1
